Map: Central Protocol

Players

lesha - Winner!

  • Race: Terran Terran

A.I. 1 (Harder)

  • Race: Protoss Protoss

VOD

Have the link to the VOD?

Description

Time

  • Played on: Dec. 4, 2015, 9:28 p.m.
  • Length: 12:05
Show
View Real Time Build Order
Export as new Build Order

lesha Terran - Winner!

Build Orders: MMM Bio 

Get SALT Encoding   

  12  0:02  SCV  
  13  0:14  SCV  
  14  0:20  Supply Depot  
  14  0:26  SCV  
  15  0:41  SCV  
  16  0:43  Barracks  
  16  0:51  Refinery  
  16  0:53  SCV  
  17  1:05  SCV  
  18  1:18  SCV  
  19  1:35  Marine  
  20  1:40  Command Center, Orbital Command  
  20  1:53  Marine  
  21  2:06  SCV  
  22  2:16  Factory  
  22  2:18  SCV  
  23  2:35  Refinery  
  23  2:38  Supply Depot  
  23  2:51  SCV, Marine  
  25  3:00  Orbital Command  
  25  3:03  SCV  
  26  3:08  Starport  
  26  3:09  Factory Tech Lab  
  26  3:13  Barracks Reactor  
  26  3:21  Barracks  
  26  3:29  Barracks  
  26  3:30  SCV x2  
  26  3:33  Engineering Bay  
  28  3:42  SCV  
  28  3:47  Supply Depot  
  28  3:51  Bunker  
  28  3:53  Supply Depot  
  28  3:58  Siege Tank  
  31  4:09  Engineering Bay  
  31  4:15  Barracks Tech Lab, Barracks  
  31  4:18  Barracks Tech Lab  
  31  4:27  SCV x2  
  33  4:39  SCV x2, Supply Depot  
  33  4:41  Terran Infantry Weapons Level 1  
  33  4:43  Marine x2  
  33  4:44  Marine  
  40  4:45  Marauder  
  40  4:51  SCV x2  
  42  4:55  Refinery  
  42  4:57  Refinery  
  42  5:03  Stimpack  
  42  5:10  Terran Infantry Armor Level 1  
  42  5:11  Barracks, Marine x2  
  42  5:12  Marine  
  45  5:19  Starport Reactor  
  45  5:27  SCV  
  45  5:28  SCV  
  47  5:38  Supply Depot  
  47  5:40  SCV  
  48  5:42  Marine  
  48  5:43  Marine x2  
  48  5:48  Barracks Reactor  
  51  5:52  Marine  
  51  5:56  Medivac  
  54  6:00  Marine  
  54  6:01  Marauder  
  54  6:03  Barracks Reactor  
  57  6:11  Marauder  
  41  6:35  Marine x4  
  41  6:36  Marine x2  
  41  6:38  Siege Tank  
  50  6:41  Medivac  
  52  6:47  SCV  
  52  6:54  SCV  
  54  6:59  SCV  
  55  7:06  SCV  
  55  7:07  Bunker  
  56  7:10  Combat Shields, Siege Tank  
  56  7:11  SCV  
  56  7:14  Marine x3  
  63  7:16  Marauder x2  
  63  7:17  Marine x3  
  63  7:18  SCV  
  63  7:19  Medivac  
  73  7:30  Barracks  
  73  7:33  Marine x3  
  73  7:35  Marine x2  
  78  7:53  Supply Depot  
  78  7:58  Command Center  
  78  8:02  Supply Depot  
  78  8:05  Supply Depot  
  78  8:06  Supply Depot  
  78  8:07  Supply Depot  
  78  8:15  SCV, Marine x7  
  86  8:23  SCV, Medivac, Marine  
  86  8:24  Armory  
  90  8:27  SCV  
  90  8:32  Marine x3  
  90  8:33  Marauder  
  96  8:35  SCV  
  96  8:38  Marine x3  
  96  8:39  SCV  
  96  8:40  Medivac  
  96  8:41  Marine  
  104  8:47  SCV  
  105  8:50  Marine  
  105  8:53  Medivac  
  108  9:02  SCV x2  
  110  9:09  Marine x7  
  116  9:10  Marine  
  116  9:12  Medivac  
  116  9:14  SCV x2  
  122  9:23  Medivac  
  124  9:26  Marine  
  124  9:27  Marine  
  126  9:34  SCV x3  
  126  9:36  Marine  
  126  9:37  Marine x3  
  133  9:39  Barracks Reactor  
  133  9:48  Supply Depot, Terran Infantry Weapons Level 2  
  133  9:50  Supply Depot  
  133  9:51  Supply Depot x2  
  133  9:57  Supply Depot  
  133  9:59  Orbital Command  
  133  10:00  Supply Depot  
  133  10:09  SCV x2, Marine x6  
  133  10:11  Marine  
  133  10:39  Marine x8  
  133  10:41  Medivac  
  133  10:42  Medivac  
  145  10:56  Marine  
  145  10:57  Marine x3  
  149  11:11  Medivac x2  
  149  11:12  Marine x4  
  149  11:14  Marine x3  
  149  11:15  Marine  
  161  11:30  Marine  
Show
View Real Time Build Order
Export as new Build Order

A.I. 1 (Harder) Protoss 

Build Orders:  

Get SALT Encoding   

  12  0:01  Probe (Chrono Boost)  
  13  0:11  Probe (Chrono Boost)  
  14  0:20  Pylon  
  14  0:22  Probe (Chrono Boost)  
  15  0:38  Probe (Chrono Boost)  
  16  0:47  Assimilator  
  16  0:48  Probe (Chrono Boost)  
  17  0:51  Gateway  
  17  0:59  Probe (Chrono Boost)  
  17  1:00  Pylon  
  18  1:10  Probe (Chrono Boost)  
  19  1:21  Probe (Chrono Boost)  
  20  1:35  Zealot  
  22  1:40  Gateway  
  22  1:44  Cybernetics Core  
  22  1:45  Assimilator  
  22  2:01  Pylon  
  22  2:18  Stalker, Warp Gate  
  24  2:28  Zealot  
  26  2:44  Pylon  
  26  2:46  Zealot  
  28  2:55  Stalker  
  30  3:12  Stalker  
  32  3:24  Stalker  
  34  3:31  Pylon  
  34  3:40  Probe (Chrono Boost)  
  34  3:41  Stalker  
  37  3:51  Probe (Chrono Boost)  
  37  3:54  Adept  
  40  3:59  Forge  
  41  4:03  Probe (Chrono Boost)  
  41  4:09  Stalker  
  41  4:15  Probe (Chrono Boost)  
  44  4:17  Pylon  
  44  4:26  Probe (Chrono Boost)  
  44  4:28  Stalker  
  48  4:38  Probe (Chrono Boost)  
  48  4:46  Adept  
  50  5:43  Protoss Ground Weapons Level 1  
  50  5:47  Sentry  
  52  5:50  Gateway  
  52  5:52  Robotics Facility  
  52  5:55  Stalker, Twilight Council  
  54  5:57  Photon Cannon  
  54  5:59  Nexus, Photon Cannon  
  52  6:08  Stalker  
  46  6:17  Sentry  
  38  6:30  Zealot, Blink  
  36  6:40  Stalker, Observer  
  39  6:48  Stalker  
  41  6:55  Zealot  
  41  7:01  Observer  
  43  7:03  Zealot  
  46  7:11  Stalker  
  46  7:14  Probe x2 (Chrono Boost)  
  50  7:19  Stalker  
  52  7:25  Probe (Chrono Boost)  
  52  7:27  Adept, Protoss Ground Armor Level 1  
  52  7:28  Probe (Chrono Boost)  
  56  7:36  Probe (Chrono Boost)  
  57  7:37  Stalker  
  57  7:39  Probe (Chrono Boost)  
  60  7:46  Stalker  
  60  7:48  Probe (Chrono Boost)  
  60  7:50  Probe (Chrono Boost)  
  64  7:56  Stalker  
  66  8:00  Probe (Chrono Boost)  
  66  8:02  Probe (Chrono Boost)  
  66  8:04  Adept  
  70  8:11  Probe (Chrono Boost)  
  72  8:13  Probe (Chrono Boost), Pylon  
  72  8:18  Pylon  
  72  8:22  Pylon  
  72  8:23  Probe (Chrono Boost)  
  72  8:25  Probe (Chrono Boost)  
  74  8:31  Stargate  
  74  8:38  Forge  
  74  8:43  Photon Cannon  
  74  8:48  Photon Cannon  
  74  9:08  Assimilator  
  74  9:13  Assimilator  
  74  9:36  Probe x2 (Chrono Boost)  
  76  9:46  Probe (Chrono Boost)  
  77  9:56  Warp Prism  
  77  10:01  Zealot  
  77  10:04  Templar Archives  
  81  10:07  Gateway  
  81  10:08  Robotics Facility  
  81  10:13  Stargate  
  81  10:21  Zealot  
  77  10:22  Nexus, Pylon  
  77  10:28  Zealot, Warp Prism  
  67  10:35  Sentry  
  69  10:42  Zealot  
  71  10:49  Sentry  
  73  10:55  Observer  
  73  10:56  High Templar  
  76  10:58  Gateway  
  76  11:03  Mothership Core (Chrono Boost), Warp Prism  
  78  11:04  High Templar  
  67  11:11  High Templar  
  63  11:19  High Templar  
  63  11:22  Probe (Chrono Boost)  
  49  11:28  Stalker  
  40  11:34  Probe (Chrono Boost)  
  40  11:35  Zealot  
  41  11:43  Stalker, Nexus  
  41  11:46  Pylon  
  23  11:51  Pylon  
Tags
 
Add a new tag
Caveats
  • Supply blocks, unpowered buildings, or Contaminate may cause inaccurate times.
  • Supply counts are checked every 10 seconds.